PCL
TEXARKANA BEARS @ LAS VEGAS STARS
09/23/2027
 
TOP OF THE 1ST
Texarkana Bears batting - Pitching for Las Vegas Stars : RHP Dema Mitenkov
Pitching: RHP Dema Mitenkov
Batting: RHB Steve Garneys 0-0: SINGLE (Groundball, 56) (infield hit)
Batting: RHB Tony Reyes 0-0: Ball
Steve Garneys steals 2nd base
1-0: Ground out 6-3 (Groundball, 6)
Steve Garneys to third
Batting: LHB Sam Barnes 0-0: Foul Ball, location: 2F
0-1: Foul Ball, location: 2F
0-2: Strikes out swinging
Batting: RHB Billy Campbell 0-0: Called Strike
0-1: Ball
1-1: Foul Ball, location: 2F
1-2: Strikes out swinging
Top of the 1st over - 0 run(s), 1 hit(s), 0 error(s), 1 left on base; Texarkana 0 - Las Vegas 0
BOTTOM OF THE 1ST
Las Vegas Stars batting - Pitching for Texarkana Bears : RHP Alberto Márquez
Pitching: RHP Alberto Márquez
Batting: SHB Héctor Barajas 0-0: Ground out 6-3 (Groundball, 6)
Batting: SHB Sloan James 0-0: Ball
1-0: Ball
2-0: Ball
3-0: Called Strike
3-1: Base on Balls
Batting: LHB Mike Petersen 0-0: Ball
1-0: SINGLE (Line Drive, 4)
Sloan James to second
Batting: RHB Kyle Bacon 0-0: Ball
1-0: Grounds into double play, 5-4-3 (Groundball, 56)
Bottom of the 1st over - 0 run(s), 1 hit(s), 0 error(s), 1 left on base; Texarkana 0 - Las Vegas 0
TOP OF THE 2ND
Texarkana Bears batting - Pitching for Las Vegas Stars : RHP Dema Mitenkov
Batting: LHB Tom Mullins 0-0: Called Strike
0-1: Ground out 5-3 (Groundball, 5)
Batting: RHB Taki Chikafuji 0-0: Fly out, F1 (Line Drive, 13)
Batting: LHB Mark Thomas 0-0: Called Strike
0-1: Called Strike
0-2: Ball
1-2: Ball
2-2: Ball
3-2: Base on Balls
Batting: RHB Juan Rico 0-0: Ball
1-0: Called Strike
1-1: Swinging Strike
1-2: Ball
2-2: Ball
3-2: Foul Ball, location: 2F
3-2: Strikes out swinging
Top of the 2nd over - 0 run(s), 0 hit(s), 0 error(s), 1 left on base; Texarkana 0 - Las Vegas 0
BOTTOM OF THE 2ND
Las Vegas Stars batting - Pitching for Texarkana Bears : RHP Alberto Márquez
Batting: RHB Brian George 0-0: Ball
1-0: SOLO HOME RUN (Line Drive, 7D), Distance : 404 ft
Batting: SHB Júlio Salazar 0-0: Ball
1-0: Bunt missed!
1-1: Foul Ball, location: 2F
1-2: Ground out 5-3 (Groundball, 25)
Batting: RHB José Zúñiga 0-0: Foul Ball, location: 2F
0-1: Ball
1-1: Ground out 5-3 (Groundball, 56)
Batting: LHB Paco Rivera 0-0: Called Strike
0-1: Ball
1-1: Swinging Strike
1-2: Ball
2-2: Fly out, F8 (Flyball, 8LS)
Bottom of the 2nd over - 1 run(s), 1 hit(s), 0 error(s), 0 left on base; Texarkana 0 - Las Vegas 1
TOP OF THE 3RD
Texarkana Bears batting - Pitching for Las Vegas Stars : RHP Dema Mitenkov
Batting: RHB Arturo Rodríguez 0-0: Ball
1-0: Swinging Strike
1-1: Foul Ball, location: 2F
1-2: Ground out U3 (Groundball, 3S)
Batting: RHB Steve Garneys 0-0: Ball
1-0: Ball
2-0: Called Strike
2-1: Foul Ball, location: 2F
2-2: Ball
3-2: Ground out 4-3 (Groundball, 4)
Batting: RHB Tony Reyes 0-0: Called Strike
0-1: Ground out 5-3 (Groundball, 5S)
Top of the 3rd over - 0 run(s), 0 hit(s), 0 error(s), 0 left on base; Texarkana 0 - Las Vegas 1
BOTTOM OF THE 3RD
Las Vegas Stars batting - Pitching for Texarkana Bears : RHP Alberto Márquez
Batting: RHB Ryan McBride 0-0: Ball
1-0: Swinging Strike
1-1: Swinging Strike
1-2: SINGLE (Line Drive, 8LS)
Batting: SHB Héctor Barajas 0-0: Called Strike
0-1: Foul Ball, location: 2F
0-2: Ball
1-2: Strikes out swinging
Batting: SHB Sloan James 0-0: Fly out, F9 (Flyball, 89D)
Batting: LHB Mike Petersen 0-0: Hit by Pitch
Ryan McBride to second
Batting: RHB Kyle Bacon 0-0: Called Strike
0-1: Called Strike
0-2: Strikes out swinging
Bottom of the 3rd over - 0 run(s), 1 hit(s), 0 error(s), 2 left on base; Texarkana 0 - Las Vegas 1
TOP OF THE 4TH
Texarkana Bears batting - Pitching for Las Vegas Stars : RHP Dema Mitenkov
Batting: LHB Sam Barnes 0-0: Ball
1-0: Called Strike
1-1: Ball
2-1: Called Strike
2-2: Ball
3-2: Foul Ball, location: 2F
3-2: Base on Balls
Batting: RHB Billy Campbell 0-0: Called Strike
0-1: Called Strike
0-2: Ball
1-2: Strikes out looking
Batting: LHB Tom Mullins 0-0: Called Strike
0-1: Ball
1-1: Ball
2-1: Ball
3-1: Called Strike
3-2: Base on Balls
Sam Barnes to second
Batting: RHB Taki Chikafuji 0-0: Foul Ball, location: 2F
0-1: Called Strike
Sam Barnes is caught stealing 3rd base
Tom Mullins to second
0-2: Ball
1-2: Ball
2-2: Ball
3-2: Ground out 3-1 (Groundball, 34)
Top of the 4th over - 0 run(s), 0 hit(s), 0 error(s), 1 left on base; Texarkana 0 - Las Vegas 1
BOTTOM OF THE 4TH
Las Vegas Stars batting - Pitching for Texarkana Bears : RHP Alberto Márquez
Batting: RHB Brian George 0-0: SINGLE (Groundball, 56D)
Batting: SHB Júlio Salazar 0-0: Ball
1-0: Called Strike
1-1: SINGLE (Flyball, 6MD)
Brian George to second
Batting: RHB José Zúñiga 0-0: Called Strike
0-1: Ball
1-1: Fly out, F5 (Line Drive, 5)
Batting: LHB Paco Rivera 0-0: SINGLE (Groundball, 4MD)
Brian George to third
Júlio Salazar to second
Runner from 3rd tries for Home, SAFE, throw made home
Batting: RHB Ryan McBride 0-0: Called Strike
Júlio Salazar is caught stealing 3rd base
Paco Rivera to second
0-1: Fly out, F8 (Flyball, 8LD)
Bottom of the 4th over - 1 run(s), 3 hit(s), 0 error(s), 1 left on base; Texarkana 0 - Las Vegas 2
TOP OF THE 5TH
Texarkana Bears batting - Pitching for Las Vegas Stars : RHP Dema Mitenkov
Batting: LHB Mark Thomas 0-0: Called Strike
0-1: Called Strike
0-2: Fly out, F8 (Line Drive, 8LD)
Batting: RHB Juan Rico 0-0: Ball
1-0: Foul Ball, location: 2F
1-1: DOUBLE (Groundball, 5L)
Pitching: RHP Terry Adams
Batting: RHB Arturo Rodríguez 0-0: Called Strike
0-1: Ball
1-1: Called Strike
1-2: Foul Ball, location: 2F
1-2: Foul Ball, location: 2F
1-2: Ball
2-2: Ball
3-2: Strikes out swinging
Batting: RHB Steve Garneys 0-0: Swinging Strike
0-1: Ball
1-1: Foul Ball, location: 2F
1-2: Strikes out swinging
Top of the 5th over - 0 run(s), 1 hit(s), 0 error(s), 1 left on base; Texarkana 0 - Las Vegas 2
BOTTOM OF THE 5TH
Las Vegas Stars batting - Pitching for Texarkana Bears : RHP Alberto Márquez
Batting: SHB Héctor Barajas 0-0: Called Strike
0-1: Foul Ball, location: 2F
0-2: Reached on error, E5 (Groundball, 56)
Batting: SHB Sloan James 0-0: Swinging Strike
0-1: SINGLE (Line Drive, 3D)
Héctor Barajas to second
Batting: LHB Mike Petersen 0-0: Ball
1-0: Called Strike
1-1: Fielders Choice at 2nd, 6-4 (Groundball, 56)
Héctor Barajas to third
Batting: RHB Kyle Bacon 0-0: Ball
1-0: Called Strike
1-1: Foul Ball, location: 2F
1-2: Ball
2-2: Ball
3-2: Strikes out swinging
Batting: RHB Brian George 0-0: Called Strike
0-1: Fly out, F6 (Line Drive, 56)
Bottom of the 5th over - 0 run(s), 1 hit(s), 1 error(s), 2 left on base; Texarkana 0 - Las Vegas 2
TOP OF THE 6TH
Texarkana Bears batting - Pitching for Las Vegas Stars : RHP Terry Adams
Batting: RHB Tony Reyes 0-0: Called Strike
0-1: Ball
1-1: Ball
2-1: Ball
3-1: Base on Balls
Batting: LHB Sam Barnes 0-0: Called Strike
0-1: Foul Ball, location: 2F
0-2: Ball
1-2: Ball
2-2: Ball
3-2: Strikes out swinging
Batting: RHB Billy Campbell 0-0: Called Strike
0-1: Ball
1-1: Ball
2-1: SINGLE (Groundball, 6MD)
Tony Reyes to second
Runner from 2nd tries for 3rd, SAFE, no throw
Batting: LHB Tom Mullins 0-0: Ball
1-0: Called Strike
1-1: Ground out 4-3 (Groundball, 34)
Tony Reyes scores
Billy Campbell to second
Batting: RHB Taki Chikafuji 0-0: SINGLE (Line Drive, 34D)
Billy Campbell to third
Batting: LHB Mark Thomas 0-0: Ball
1-0: Fielders Choice at 2nd, 6-4 (Groundball, 6)
Top of the 6th over - 1 run(s), 2 hit(s), 0 error(s), 1 left on base; Texarkana 1 - Las Vegas 2
BOTTOM OF THE 6TH
Las Vegas Stars batting - Pitching for Texarkana Bears : RHP Alberto Márquez
Batting: SHB Júlio Salazar 0-0: Foul Ball, location: 2F
0-1: Ball
1-1: Ball
2-1: Ground out 6-3 (Groundball, 56D)
Batting: RHB José Zúñiga 0-0: Ground out 1-3 (Groundball, P)
Batting: LHB Paco Rivera 0-0: Called Strike
0-1: Ball
1-1: Ball
2-1: Ball
3-1: Fly out, F8 (Flyball, 8LD)
Bottom of the 6th over - 0 run(s), 0 hit(s), 0 error(s), 0 left on base; Texarkana 1 - Las Vegas 2
TOP OF THE 7TH
Texarkana Bears batting - Pitching for Las Vegas Stars : RHP Terry Adams
Batting: RHB Juan Rico 0-0: Ball
1-0: Swinging Strike
1-1: Ball
2-1: SINGLE (Line Drive, 8RS)
Pinch Hitting: RHB Keith Ford 0-0: Ball
1-0: Called Strike
Juan Rico steals 2nd base
1-1: Swinging Strike
1-2: Foul Ball, location: 2F
1-2: Ball
2-2: Ball
3-2: Strikes out swinging
Pinch Hitting: RHB Michael Barraclough 0-0: Ball
1-0: Ball
2-0: Swinging Strike
2-1: Fly out, F9 (Flyball, 9LMF)
Batting: RHB Tony Reyes 0-0: SINGLE (Line Drive, 34)
Juan Rico to third
Batting: LHB Sam Barnes 0-0: Called Strike
0-1: Foul Ball, location: 2F
0-2: Foul Ball, location: 2F
0-2: Ball
1-2: Ball
2-2: Foul Ball, location: 2F
2-2: Ball
3-2: Fly out, F4 (Popup, 4D)
Top of the 7th over - 0 run(s), 2 hit(s), 0 error(s), 2 left on base; Texarkana 1 - Las Vegas 2
BOTTOM OF THE 7TH
Las Vegas Stars batting - Pitching for Texarkana Bears : RHP Alberto Márquez
Now at 3B: Keith Ford
Now at SS: Kun Liu
Batting: RHB Ryan McBride 0-0: Ground out 1-3 (Groundball, 15S)
Batting: SHB Héctor Barajas 0-0: SINGLE (Groundball, 3D)
Batting: SHB Sloan James 0-0: Swinging Strike
0-1: Swinging Strike
0-2: Ball
1-2: Ball
2-2: DOUBLE (Flyball, 89D)
Héctor Barajas to third
Runner from 3rd tries for Home, SAFE, no throw
Batting: LHB Mike Petersen 0-0: Intentional Walk
Batting: RHB Kyle Bacon 0-0: Fly out, F9 (Flyball, 9)
Batting: RHB Brian George 0-0: Ball
1-0: Ball
2-0: Foul Ball, location: 2F
2-1: Fly out, F9 (Line Drive, 9)
Bottom of the 7th over - 1 run(s), 2 hit(s), 0 error(s), 2 left on base; Texarkana 1 - Las Vegas 3
TOP OF THE 8TH
Texarkana Bears batting - Pitching for Las Vegas Stars : RHP Terry Adams
Pitching: RHP Mike Drader
Batting: RHB Billy Campbell 0-0: Fly out, F8 (Flyball, 8LD)
Batting: LHB Tom Mullins 0-0: Ball
1-0: Swinging Strike
1-1: Ball
2-1: Ball
3-1: DOUBLE (Flyball, 7LD)
Batting: RHB Taki Chikafuji 0-0: Called Strike
0-1: Ball
1-1: SINGLE (Line Drive, 7S)
Tom Mullins to third
Pitching: LHP Craig Bowling
Batting: LHB Mark Thomas 0-0: Called Strike
0-1: Ball
1-1: Ball
2-1: Ball
3-1: Foul Ball, location: 2F
3-2: Foul Ball, location: 2F
3-2: SINGLE (Flyball, 8RS)
Tom Mullins scores
Taki Chikafuji to second
Pitching: RHP Kyoshi Asano
Batting: RHB Juan Rico 0-0: Foul Ball, location: 2F
0-1: Ball
1-1: Foul Ball, location: 2F
1-2: Ball
2-2: Ball
3-2: Foul Ball, location: 2F
3-2: Foul Ball, location: 2F
3-2: Foul Ball, location: 2F
3-2: Foul Ball, location: 2F
3-2: Fly out, F7 (Line Drive, 7)
Batting: RHB Keith Ford 0-0: Foul Ball, location: 2F
0-1: Ball
1-1: Foul Ball, location: 2F
1-2: Strikes out looking
Top of the 8th over - 1 run(s), 3 hit(s), 0 error(s), 2 left on base; Texarkana 2 - Las Vegas 3
BOTTOM OF THE 8TH
Las Vegas Stars batting - Pitching for Texarkana Bears : RHP Alberto Márquez
Batting: SHB Júlio Salazar 0-0: Called Strike
0-1: Called Strike
0-2: Ball
Error on foul ball, E2
1-2: Foul Ball, location: 2F
1-2: Foul Ball, location: 2F
1-2: Ball
2-2: Foul Ball, location: 2F
2-2: SINGLE (Line Drive, 89S)
Pitching: RHP Vaughan Gillespie
Batting: RHB José Zúñiga 0-0: Called Strike
Júlio Salazar steals 2nd base
0-1: Ball
Wild Pitch!
Júlio Salazar to third
1-1: Ball
2-1: Swinging Strike
2-2: Ball
3-2: Base on Balls
Batting: LHB Paco Rivera 0-0: Called Strike
0-1: Ball
1-1: Ball
2-1: Ball
3-1: SINGLE (Line Drive, 56)
Júlio Salazar scores
José Zúñiga to second
Batting: RHB Ryan McBride 0-0: Fly out, F2 (Popup, 3S)
Batting: SHB Héctor Barajas 0-0: Grounds into double play, 4-6-3 (Groundball, 4)
Bottom of the 8th over - 1 run(s), 2 hit(s), 1 error(s), 1 left on base; Texarkana 2 - Las Vegas 4
TOP OF THE 9TH
Texarkana Bears batting - Pitching for Las Vegas Stars : RHP Kyoshi Asano
Pitching: RHP Júlio Martínez
Batting: RHB Kun Liu 0-0: Ground out 5-3 (Groundball, 56)
Batting: RHB Tony Reyes 0-0: Ball
1-0: Called Strike
1-1: Ball
2-1: Swinging Strike
2-2: Ball
3-2: Foul Ball, location: 2F
3-2: SINGLE (Line Drive, 6)
Batting: LHB Sam Barnes 0-0: Ball
1-0: Fly out, F8 (Flyball, 8RXD)
Batting: RHB Billy Campbell 0-0: Called Strike
0-1: Ball
1-1: Swinging Strike
1-2: 2-RUN HOME RUN (Line Drive, 7D), Distance : 409 ft
Pitching: LHP Pedro Veláquez
Batting: LHB Tom Mullins 0-0: Called Strike
0-1: Called Strike
0-2: Ground out 4-3 (Groundball, 34)
Top of the 9th over - 2 run(s), 2 hit(s), 0 error(s), 0 left on base; Texarkana 4 - Las Vegas 4
BOTTOM OF THE 9TH
Las Vegas Stars batting - Pitching for Texarkana Bears : RHP Vaughan Gillespie
Batting: SHB Sloan James 0-0: Ball
1-0: Ball
2-0: Called Strike
2-1: Foul Ball, location: 2F
2-2: Ball
3-2: Foul Ball, location: 2F
3-2: Strikes out swinging
Batting: LHB Mike Petersen 0-0: Ball
1-0: Foul Ball, location: 2F
1-1: Called Strike
1-2: Strikes out swinging
Pitching: RHP Kosami Tagawa
Batting: RHB Kyle Bacon 0-0: Ball
1-0: Foul Ball, location: 2F
1-1: Swinging Strike
1-2: Strikes out swinging
Bottom of the 9th over - 0 run(s), 0 hit(s), 0 error(s), 0 left on base; Texarkana 4 - Las Vegas 4
TOP OF THE 10TH
Texarkana Bears batting - Pitching for Las Vegas Stars : LHP Pedro Veláquez
Batting: RHB Taki Chikafuji 0-0: DOUBLE (Line Drive, 89M)
Batting: LHB Mark Thomas 0-0: Ball
1-0: Swinging Strike
1-1: Foul Ball, location: 2F
1-2: Strikes out swinging
Batting: RHB Juan Rico 0-0: Foul Ball, location: 2F
0-1: Ball
1-1: Foul Ball, location: 2F
1-2: Ball
2-2: Fly out, F8 (Flyball, 8LS)
Batting: RHB Keith Ford 0-0: Called Strike
0-1: Called Strike
0-2: Ball
1-2: Ball
2-2: Fly out, F7 (Line Drive, 7)
Top of the 10th over - 0 run(s), 1 hit(s), 0 error(s), 1 left on base; Texarkana 4 - Las Vegas 4
BOTTOM OF THE 10TH
Las Vegas Stars batting - Pitching for Texarkana Bears : RHP Kosami Tagawa
Batting: RHB Brian George 0-0: Swinging Strike
0-1: Ball
1-1: Foul Ball, location: 2F
1-2: Ball
2-2: Foul Ball, location: 2F
2-2: DOUBLE (Line Drive, 9LS)
Batting: SHB Júlio Salazar 0-0: Foul Ball, location: 2F
0-1: Ball
1-1: Ball
2-1: Foul Ball, location: 2F
2-2: Ball
3-2: Foul Ball, location: 2F
3-2: Base on Balls
Batting: RHB José Zúñiga 0-0: Called Strike
0-1: Grounds into double play, 5-4-3 (Groundball, 5)
Brian George to third
Batting: LHB Paco Rivera 0-0: Ball
1-0: Foul Ball, location: 2F
1-1: Ground out 6-3 (Groundball, 6)
Bottom of the 10th over - 0 run(s), 1 hit(s), 0 error(s), 1 left on base; Texarkana 4 - Las Vegas 4
TOP OF THE 11TH
Texarkana Bears batting - Pitching for Las Vegas Stars : LHP Pedro Veláquez
Batting: RHB Kun Liu 0-0: Swinging Strike
0-1: Swinging Strike
0-2: Ball
1-2: Ground out 5-3 (Groundball, 56)
Batting: RHB Tony Reyes 0-0: Foul Ball, location: 2F
0-1: Ball
1-1: Ball
2-1: Foul Ball, location: 2F
2-2: Foul Ball, location: 2F
2-2: SINGLE (Line Drive, 6MD)
Batting: LHB Sam Barnes 0-0: Called Strike
0-1: Ball
1-1: Ball
2-1: Grounds into double play, 4-6-3 (Groundball, 4MD)
Top of the 11th over - 0 run(s), 1 hit(s), 0 error(s), 0 left on base; Texarkana 4 - Las Vegas 4
BOTTOM OF THE 11TH
Las Vegas Stars batting - Pitching for Texarkana Bears : RHP Kosami Tagawa
Batting: RHB Ryan McBride 0-0: Called Strike
0-1: Fly out, F5 (Line Drive, 56)
Batting: SHB Héctor Barajas 0-0: Called Strike
0-1: Swinging Strike
0-2: Ball
1-2: Ball
2-2: Foul Ball, location: 2F
2-2: Strikes out swinging
Batting: SHB Sloan James 0-0: Ball
1-0: Ground out 4-3 (Groundball, 4)
Bottom of the 11th over - 0 run(s), 0 hit(s), 0 error(s), 0 left on base; Texarkana 4 - Las Vegas 4
TOP OF THE 12TH
Texarkana Bears batting - Pitching for Las Vegas Stars : LHP Pedro Veláquez
Batting: RHB Billy Campbell 0-0: Ball
1-0: Called Strike
1-1: Ball
2-1: Ball
3-1: Ground out 4-3 (Groundball, 4S)
Batting: LHB Tom Mullins 0-0: Foul Ball, location: 2F
0-1: Foul Ball, location: 2F
0-2: Foul Ball, location: 2F
0-2: Ball
1-2: Strikes out swinging
Batting: RHB Taki Chikafuji 0-0: Ball
1-0: Called Strike
1-1: Ball
2-1: Ball
3-1: Fly out, F9 (Flyball, 9S)
Top of the 12th over - 0 run(s), 0 hit(s), 0 error(s), 0 left on base; Texarkana 4 - Las Vegas 4
BOTTOM OF THE 12TH
Las Vegas Stars batting - Pitching for Texarkana Bears : RHP Kosami Tagawa
Batting: LHB Mike Petersen 0-0: Swinging Strike
0-1: Called Strike
0-2: Strikes out swinging
Batting: RHB Kyle Bacon 0-0: Swinging Strike
0-1: Fly out, F7 (Line Drive, 78M)
Batting: RHB Brian George 0-0: Ball
1-0: Foul Ball, location: 2F
1-1: Called Strike
1-2: Ball
2-2: Ball
3-2: Foul Ball, location: 2F
3-2: Foul Ball, location: 2F
3-2: Base on Balls
Batting: SHB Júlio Salazar 0-0: Foul Ball, location: 2F
0-1: Ball
1-1: Swinging Strike
1-2: Ball
2-2: Foul Ball, location: 2F
2-2: Ball
3-2: Foul Ball, location: 2F
3-2: Base on Balls
Brian George to second
Batting: RHB José Zúñiga 0-0: Foul Ball, location: 2F
0-1: Ball
1-1: Ball
2-1: Ball
3-1: Called Strike
3-2: Foul Ball, location: 2F
3-2: Ground out 6-3 (Groundball, 6)
Bottom of the 12th over - 0 run(s), 0 hit(s), 0 error(s), 2 left on base; Texarkana 4 - Las Vegas 4
TOP OF THE 13TH
Texarkana Bears batting - Pitching for Las Vegas Stars : LHP Pedro Veláquez
Batting: LHB Mark Thomas 0-0: Ball
1-0: Ball
2-0: DOUBLE (Line Drive, 89D) - OUT at third base trying to stretch hit.
Batting: RHB Juan Rico 0-0: Ball
1-0: SINGLE (Groundball, 4D)
Batting: RHB Keith Ford 0-0: Ball
1-0: Ball
2-0: Ball
3-0: Called Strike
3-1: Foul Ball, location: 2F
3-2: Foul Ball, location: 2F
3-2: Base on Balls
Juan Rico to second
Pitching: RHP Ken Burris
Batting: RHB Kun Liu 0-0: Fly out, F8 (Flyball, 8RM)
Batting: RHB Tony Reyes 0-0: Ball
1-0: Ball
2-0: Foul Ball, location: 2F
2-1: SINGLE (Line Drive, 5)
Juan Rico to third
Keith Ford to second
Runner from 3rd tries for Home, SAFE, no throw
Batting: LHB Sam Barnes 0-0: Ball
1-0: Called Strike
1-1: SINGLE (Line Drive, 34)
Keith Ford to third
Tony Reyes to second
Runner from 3rd tries for Home, SAFE, no throw
Batting: RHB Billy Campbell 0-0: Called Strike
0-1: Ball
1-1: Ball
2-1: Ball
3-1: Base on Balls
Tony Reyes to third
Sam Barnes to second
Batting: LHB Tom Mullins 0-0: Ball
1-0: Called Strike
1-1: Called Strike
1-2: Strikes out swinging
Top of the 13th over - 2 run(s), 4 hit(s), 0 error(s), 3 left on base; Texarkana 6 - Las Vegas 4
BOTTOM OF THE 13TH
Las Vegas Stars batting - Pitching for Texarkana Bears : RHP Kosami Tagawa
Pitching: RHP Víctor López
Batting: LHB Paco Rivera 0-0: Ball
1-0: Ball
2-0: Ball
3-0: Called Strike
3-1: Foul Ball, location: 2F
3-2: SINGLE (Line Drive, 7LS)
Batting: RHB Ryan McBride 0-0: Ball
1-0: Ball
2-0: Called Strike
2-1: Foul Ball, location: 2F
2-2: Strikes out looking
Batting: SHB Héctor Barajas 0-0: Called Strike
0-1: Ground out 4-3 (Groundball, 34)
Paco Rivera to second
Batting: SHB Sloan James 0-0: Ball
1-0: Called Strike
1-1: Ball
2-1: Ball
3-1: Called Strike
3-2: Base on Balls
Batting: LHB Mike Petersen 0-0: Ball
1-0: Foul Ball, location: 2F
1-1: Called Strike
1-2: Ball
2-2: Ground out 4-3 (Groundball, 4S)
Bottom of the 13th over - 0 run(s), 1 hit(s), 0 error(s), 2 left on base; Texarkana 6 - Las Vegas 4
Thursday, March 30th, 2017 - OOTP Baseball 17.12 Build 75